cohdb
Replays
Latest Replays
All Replays
Popular Replays
Top Player Replays
Match Explorer
How It Works
Community
CoH3 Stats
Reddit
Sign in to upload your games and track your stats! →
Sign in with Steam
Match 40506884
Unlisted
Match 40506884
Overview
Messages
Build Orders
End
Kradschützen Motorcycle Team
Panzerpioneer Squad
Selects Panzerjäger Kommand Battlegroup
Selects Mine Fields
250 Light Carrier
Construct Light Support Kompanie
Combat Half-tracks
Assault Grenadier Squad
Selects Tank Busters
Panzerjäger Squad
Fire Support Elements
Assault Mechanized Group
Vehicle Survival Package
Veteran Squad Leaders
Flakvierling Half-track
Selects Defensive Positions
Pak 38 Anti-tank Gun Team
Assault Mechanized Group
Selects Butterfly Bomb Drop
Butterfly Bomb Drop
N7 SHARK
Turtleboy
0
0
Comments
sign in to comment!
No comments posted yet!